[Event "Early-Titled-Tuesday-Blitz-October-24-2023"]
[Site "Chess.com"]
[Date "2023.10.24"]
[Round "7"]
[White "carokannlover213"]
[Black "HeroRubiksCube"]
[Result "1-0"]
[WhiteElo "2746"]
[BlackElo "2552"]
[TimeControl "180+1"]
[EndTime "9:15:56 PDT"]
[Termination "carokannlover213 won by resignation"]

1. Nf3 Nf6 2. b3 d5 3. Bb2 c5 4. e3 Nc6 5. Bb5 e6 6. Ne5 Qb6 7. Bxc6+ bxc6 8. d3 Bd6 9. Nd2 a5 10. Ng4 Be7 11. Qf3 Qd8 12. e4 h5 13. Nxf6+ Bxf6 14. Bxf6 Qxf6 15. O-O Qxf3 16. Nxf3 O-O 17. Ne5 Ra6 18. Rfe1 f6 19. Ng6 Re8 20. Nf4 h4 21. exd5 cxd5 22. Nxd5 Ra7 23. Nf4 Kf7 24. Ne2 Bb7 25.
Nc3 Bc6 26. Ne4 Bxe4 27. Rxe4 g5 28. Rae1 a4 29. f4 axb3 30. axb3 Ra2 31. fxg5 Rxc2 32. gxf6 Rg8 33. R1e2 Rxe2 34. Rxe2 Kxf6 35. Kf2 Rb8 36. Rb2 Ke5 37. Ke3 Rb4 38. Rc2 Kd5 39. Rc4 Rxb3 40. Rxh4 e5 41. Rg4 Rb1 42. h4 Rh1 43. g3 Re1+ 44. Kd2 Rh1 45. Rg8 Rh2+ 46. Ke3 Rh3 47. Kf3 Rh1 48. Rd8+ Ke6 49. Kg4 Rc1 50. Re8+ Kd6 51. h5 c4 52. dxc4 Rxc4+ 53. Kf5 Rc3 54. g4 Rf3+ 55. Kg6 Kd5 56. g5 e4 57. h6 e3 58. h7 Rh3 59. h8=Q Rxh8 60. Rxh8 1-0

[Event "Early-Titled-Tuesday-Blitz-October-24-2023"]
[Site "Chess.com"]
[Date "2023.10.24"]
[Round "7"]
[White "attack2mateU"]
[Black "Khromkin"]
[Result "0-1"]
[WhiteElo "2698"]
[BlackElo "2513"]
[TimeControl "180+1"]
[EndTime "9:15:56 PDT"]
[Termination "Khromkin won on time"]

1. e4 c5 2. Nf3 Nc6 3. Bb5 g6 4. O-O Bg7 5. Re1 Nf6 6. c3 O-O 7. d4 d5 8. e5 Ne4 9. Bxc6 bxc6 10. Be3 cxd4 11. cxd4 Qb6 12. Qc1 a5 13. Nc3 a4 14.
Nxe4 dxe4 15. Nd2 Rb8 16. Nxe4 Qxb2 17. Qxb2 Rxb2 18. Nc5 a3 19. Bc1 Rb4 20. Nb3 Ra4 21.
Nc5 Rxd4 22. Bxa3 Bf5 23. Nb3 Rd5 24. Bxe7 Re8 25. Bf6 Bh6 26. a4 Rb8 27. Nc1 Bd2 28. Rf1 Bc3 29. Ra3 Bb2 30. Rb3 Rxb3 31. Nxb3 Bc2 32.
Nc1 Bxa4 33. Na2 Bxe5 34. Bxe5 Rxe5 35. Nc3 Bb3 36. f3 Rc5 37. Rc1 Kg7 38. Kf2 Bd5 39.
Ke3 Rc4 40. Kd3 Rb4 41. Rc2 Rb8 42. Kd4 Rd8 43. Kc5 Re8 44. Re2 Rxe2 45. Nxe2 Kf6 46. Nd4 Ke5 47. Nxc6+ Bxc6 48. Kxc6 Kf4 49. Kd6 Ke3 50.
Ke5 Kf2 51. Kf6 Kxg2 52. Kxf7 Kxf3 53. Kg7 h5 54. Kxg6 h4 0-1

[Event "Early-Titled-Tuesday-Blitz-October-24-2023"]
[Site "Chess.com"]
[Date "2023.10.24"]
[Round "7"]
[White "ferrufino64"]
[Black "Happy1712Drummer"]
[Result "0-1"]
[WhiteElo "2193"]
[BlackElo "2380"]
[TimeControl "180+1"]
[EndTime "9:15:56 PDT"]
[Termination "Happy1712Drummer won on time"]

1. e4 c5 2. Nf3 Nc6 3. Bb5 g6 4. Bxc6 dxc6 5. d3 Qc7 6. Nc3 e5 7. Be3 Nf6 8. O-O Nh5 9. Nd2 Be7 10. Qe2 O-O 11. Rae1 Be6 12. a3 a5 13. Nd1 b6 14. g3 Bh3 15. f4 Bxf1 16. Rxf1 exf4 17. gxf4 f5 18. e5 Ng7 19. c3 Rad8 20. d4 cxd4 21. cxd4 c5 22. Qc4+ Kh8 23. d5 Qd7 24. d6 Bxd6 25.
exd6 Qxd6 26. Nf3 Qd5 27. Qxd5 Rxd5 28. Nc3 Rd3 29. Kf2 Ne6 30. Ne5 Rdd8 31. h4 Nd4 32.
Rc1 Kg7 33. a4 Nb3 34. Rc2 Nd4 35. Bxd4 Rxd4 36. Ne2 Re4 37. Rd2 Rxa4 38. Rd7+ Kg8 39. Rb7 Rb4 40. Nc6 Rxb2 41. Ne7+ Kf7 42. Nd5+ Ke6 43.
Ne3 a4 44. Kf3 a3 45. Nc3 Ra8 46. Ncd5 Kd6 47. Nc3 a2 48. Nc4+ Kc6 49. Re7 a1=Q 50. Ne5+ Kd6 51. Rd7+ Ke6 0-1

[Event "Early-Titled-Tuesday-Blitz-October-24-2023"]
[Site "Chess.com"]
[Date "2023.10.24"]
[Round "7"]
[White "MarijaKuznecova"]
[Black "gpsji27"]
[Result "0-1"]
[WhiteElo "2385"]
[BlackElo "2293"]
[TimeControl "180+1"]
[EndTime "9:15:57 PDT"]
[Termination "gpsji27 won on time"]

1. e4 e5 2. Nf3 Nc6 3. d4 exd4 4. Nxd4 Bc5 5. Nb3 Bb6 6. Nc3 Nf6 7. Qe2 d6 8. Be3 O-O 9. O-O-O Be6 10. f3 Ne5 11. g4 Bc4 12. Qf2 Nexg4 13. fxg4 Nxg4 14. Qg3 Bxe3+ 15. Kb1 Bxf1 16. Rhxf1 Qg5 17. Rd5 Ne5 18. Qh3 Bb6 19. Ne2 Qe3 20. Qg2 g6 21. Rdd1 Rae8 22. Rde1 Qh6 23. Nf4 Nc4 24. Nd5 Kh8 25.
Rf3 Qg7 26. c3 f5 27. Qf1 fxe4 28. Rxf8+ Rxf8 29. Qxc4 Qe5 30. Qxe4 Qxh2 31. Rh1 Qg3 32. a4 Qf3 33. Qxf3 Rxf3 34. a5 Bc5 35. Nxc7 Kg7 36.
Nb5 a6 37. N5d4 Bxd4 38. Nxd4 Rd3 39. Kc2 Rg3 40. Re1 h5 41. Ne2 Rg2 42. Kd3 h4 43. Nf4 Rg3+ 44. Re3 Rxe3+ 45. Kxe3 Kf6 46. Kf3 Kf5 47.
Ne2 g5 48. Nd4+ Ke5 49. Kg4 Kd5 50. Kxg5 h3 51. Nf3 Kc4 52. Kg4 Kb3 53. Kxh3 Kxb2 54. c4 Kc3 55. Nd4 Kxd4 0-1

[Event "Early-Titled-Tuesday-Blitz-October-24-2023"]
[Site "Chess.com"]
[Date "2023.10.24"]
[Round "7"]
[White "Russian_berezka"]
[Black "venturov"]
[Result "1/2-1/2"]
[WhiteElo "2676"]
[BlackElo "2491"]
[TimeControl "180+1"]
[EndTime "9:15:58 PDT"]
[Termination "Game drawn by repetition"]

1. d4 Nf6 2. c4 e6 3. Nc3 Bb4 4. e3 O-O 5. Bd2 c5 6. a3 Bxc3 7. Bxc3 Ne4 8. Ne2 Nxc3 9. Nxc3 cxd4 10. Qxd4 b6 11. Be2 Bb7 12. O-O Nc6 13. Qd6 Qg5 14.
Bf3 Rad8 15. b4 f5 16. Rac1 Qf6 17. Rfd1 g5 18. Qc7 Ba8 19. Nb5 g4 20. Be2 Ne5 21.
Nxa7 Qg7 22. Kh1 Be4 23. Nb5 Ng6 24. Qxb6 Nh4 25. Bf1 Qh6 26. Qd6 Ng6 27. Qg3 Qg5 28.
f3 Bb7 29. f4 Qf6 30. Nd6 Ba8 31.
c5 h5 32. b5 h4 33. Qf2 h3 34. c6 dxc6 35. bxc6 e5 36. c7 Rxd6 37. Rxd6 Qxd6 38. c8=Q hxg2+ 39. Bxg2 Bxg2+ 40. Qxg2 Rxc8 41. Rxc8+ Kh7 42. Qb7+ Kh6 43. Rc1 exf4 44. exf4 Qxf4 45. Rg1 Qe3 46. Qg2 Nf4 47. Qc2 Qf3+ 48. Rg2 Qf1+ 49. Rg1 Qf3+ 50.
Rg2 Qxa3 51. Qxf5 Nxg2 52. Qf6+ Kh5 53. Qf5+ Kh6 54. Qf6+ Kh5 55. Qf5+ Kh6 1/2-1/2

[Event "Early-Titled-Tuesday-Blitz-October-24-2023"]
[Site "Chess.com"]
[Date "2023.10.24"]
[Round "7"]
[White "ImBushchess"]
[Black "Marcin"]
[Result "0-1"]
[WhiteElo "2259"]
[BlackElo "2431"]
[TimeControl "180+1"]
[EndTime "9:15:58 PDT"]
[Termination "Marcin won on time"]

1. Nf3 g6 2. g3 Bg7 3. Bg2 e5 4. O-O Ne7 5. e4 O-O 6. d4 exd4 7. Nxd4 d5 8. exd5 Nxd5 9. Nb5 c6 10. c4 cxb5 11. cxd5 Bf5 12. Nc3 a6 13. Bf4 b4 14.
Ne4 Bxe4 15. Bxe4 Nd7 16. Bg2 Nc5 17. Rc1 b6 18. b3 Ra7 19. Qd2 a5 20. Bg5 Qd6 21.
Bf4 Be5 22. Be3 Rd8 23. Rfd1 Rad7 24. Qe2 Re8 25. Qb5 Bc3 26. Bf4 Be5 27. Bxe5 Rxe5 28. Re1 Rde7 29. Rxe5 Rxe5 30. Kf1 Kg7 31. Re1 Rxe1+ 32.
Kxe1 Qe5+ 33. Qe2 Kf6 34. Qxe5+ Kxe5 35. Kd2 g5 36. Ke3 f6 37. f4+ Kd6 38. fxg5 fxg5 39. h4 h6 40. Kd4 Nd7 41. Kc4 gxh4 42. gxh4 Ne5+ 43. Kb5 Kc7 44. d6+ Kxd6 45. Kxb6 Nd3 46. Kxa5 Kc5 47. Bf1 Nc1 48. Bc4 Nxa2 49. Ka6 Nc3 0-1

[Event "Early-Titled-Tuesday-Blitz-October-24-2023"]
[Site "Chess.com"]
[Date "2023.10.24"]
[Round "7"]
[White "artin10862"]
[Black "ellatambien"]
[Result "1-0"]
[WhiteElo "2867"]
[BlackElo "2615"]
[TimeControl "180+1"]
[EndTime "9:15:59 PDT"]
[Termination "artin10862 won by resignation"]

1. Nf3 d5 2. d4 Nf6 3. Bg5 Nbd7 4. e3 Ne4 5. Bf4 c6 6. Nbd2 Ndf6 7. h3 Bf5 8. Nh4 e6 9. Nxf5 exf5 10. c3 Bd6 11.
Nf3 Bxf4 12. exf4 O-O 13. Be2 g6 14. O-O Kg7 15. Ne5 Re8 16. g3 a5 17. a4 Qc7 18.
Kg2 Re7 19. Re1 Rae8 20. Bf1 Nd6 21. Qd2 Nfe4 22. Qc2 Nf6 23. f3 Nd7 24. b3 f6 25.
Nd3 Rxe1 26. Rxe1 Rxe1 27. Nxe1 Nf8 28. Nd3 Ne6 29. Qd2 Kf7 30. Be2 b6 31. Bd1 c5 32.
dxc5 bxc5 33. Nb2 d4 34. Be2 dxc3 35. Qxc3 Nd4 36. Bc4+ Kg7 37. Bd5 Qb6 38. Qe1 Qd8 39.
Nd3 Nf7 40. Bc4 Qc7 41. Qe8 Nxb3 42. Qb5 Nd4 43. Qxc5 Qxc5 44. Nxc5 Nd6 45. Bd5 Nc8 46. Kf2 Nb6 47. Bb7 Kf7 48. Ke3 Ne6 49. Nxe6 Kxe6 50.
Bc6 Kd6 51. Be8 Kc5 52. Bf7 Nxa4 53. Bg8 h6 54. Bh7 g5 55. Bxf5 Nb6 56. fxg5 fxg5 57. Be6 Nd5+ 58. Ke4 Nc3+ 59. Ke5 a4 60. f4 gxf4 61.
gxf4 Nb5 62. f5 Nd6 63. f6 a3 64. f7 Nxf7+ 65. Bxf7 Kc6 66. h4 Kd7 67. Kf6 Kd6 68.
h5 Kd7 69. Ba2 Ke8 70. Kg7 Ke7 71. Kxh6 Kf6 72. Kh7 Ke7 73. Kg7 1-0

[Event "Early-Titled-Tuesday-Blitz-October-24-2023"]
[Site "Chess.com"]
[Date "2023.10.24"]
[Round "7"]
[White "Andrei_Skvortsov"]
[Black "zajka-molotok"]
[Result "1-0"]
[WhiteElo "2664"]
[BlackElo "2553"]
[TimeControl "180+1"]
[EndTime "9:15:59 PDT"]
[Termination "Andrei_Skvortsov won by resignation"]

1. e4 c5 2. d4 cxd4 3. Qxd4 Nc6 4. Qd3 Nf6 5. Nc3 g6 6. Nf3 d6 7. Be2 Bg7 8. O-O O-O 9. Nd5 Bg4 10. c3 Bxf3 11.
Qxf3 Rb8 12. Bg5 Ne5 13. Qe3 Nxd5 14. exd5 Re8 15. Qxa7 b5 16. Qe3 Nc4 17. Qc1 Qc7 18.
Rd1 Rec8 19. Bxc4 bxc4 20. a4 Qb7 21. Rd2 h6 22. Be3 Rc7 23. h4 Ra8 24. Qd1 Ra5 25.
g3 Qa6 26. Re2 Rb7 27. Bf4 Rc5 28. Qd2 h5 29. Rae1 Bf8 30. Bh6 Bxh6 31. Qxh6 Qa7 32.
Qg5 Rcc7 33. Kg2 Qxa4 34. Rxe7 Rxe7 35. Rxe7 Rxe7 36. Qxe7 Qa6 37. Qe8+ Kg7 38. Qe4 Qb5 39. Qd4+ Kg8 40. Kf3 Qxb2 41. Qxc4 Qd2 42. Kg2 Qd1 43. Qe4 Qd2 44. c4 Qc1 45. Qf4 Qa3 46. Qe3 Qb4 47. Qe8+ Kg7 48. Qe4 Kg8 49. g4 hxg4 50. Qxg4 Qc5 51.
h5 Kg7 52. hxg6 fxg6 53. Qe4 Kh6 54. Kg3 Qc7 55. Qh4+ Kg7 56. Qd4+ Kh6 57. f3 Kh7 58. Qf4 Qc5 59. Kg2 Qb4 60. Qh4+ Kg7 61. Qe7+ Kh6 62. Qe3+ Kg7 63. Qd4+ Kh6 64. Kh3 Kh7 65. Kg4 Qa3 66. Qf4 Qc3 67. Qf7+ Kh6 68. Qf8+ Kh7 69. Qxd6 Qxc4+ 70. Kg3 Qd4 71. Qe7+ Kh6 72. Qh4+ Qxh4+ 73. Kxh4 g5+ 74. Kg4 Kg6 75. d6 Kf6 76. d7 Ke7 77.
Kxg5 Kxd7 78. Kf6 1-0

[Event "Early-Titled-Tuesday-Blitz-October-24-2023"]
[Site "Chess.com"]
[Date "2023.10.24"]
[Round "7"]
[White "OhanyanEminChess"]
[Black "shimastream"]
[Result "1-0"]
[WhiteElo "2841"]
[BlackElo "2974"]
[TimeControl "180+1"]
[EndTime "9:16:00 PDT"]
[Termination "OhanyanEminChess won on time"]

1. d4 d5 2. c4 dxc4 3. e3 a6 4.
Bxc4 e6 5. Ne2 Nf6 6. O-O b6 7.
Nbc3 Bb7 8. Ng3 Nbd7 9. e4 b5 10.
Bd3 c5 11. e5 Nd5 12. Be4 N7b6 13. dxc5 Bxc5 14. Qg4 g6 15. Bg5 h5 16. Qh4 Be7 17.
f4 Bxg5 18. fxg5 Qc7 19. Bxd5 Nxd5 20. Nge4 Nxc3 21. Nd6+ Kd8 22. bxc3 Rf8 23. Rad1 Bd5 24. Qb4 Rb8 25. Ne4 Qe7 26. Nf6 Qxb4 27. cxb4 Ke7 28. Nxd5+ exd5 29. Rxd5 Rfd8 30. Rc5 Rb7 31. h3 Rd4 32. Rf6 Rxb4 33. e6 fxe6 34. Rxg6 Kd6 35. Rc3 Re7 36. Rg8 e5 37. g6 Ke6 38. Rc6+ Kf5 39.
g7 Kg5 40. Rxa6 e4 41. h4+ Kxh4 42. Rg6 e3 43. Kh2 Rg4 44. g3+ Rxg3 45. Rxg3 e2 46. Rf8 Rxg7 47. Rf4+ Rg4 48. Rfxg4+ hxg4 49. Re3 Kg5 50.
Rxe2 Kf4 51. Rb2 Ke3 52. Kg2 Kd3 53. Rxb5 Kc3 54. a4 1-0

[Event "Early-Titled-Tuesday-Blitz-October-24-2023"]
[Site "Chess.com"]
[Date "2023.10.24"]
[Round "7"]
[White "Sanan_Sjugirov"]
[Black "klimkoj"]
[Result "1-0"]
[WhiteElo "2954"]
[BlackElo "2776"]
[TimeControl "180+1"]
[EndTime "9:16:00 PDT"]
[Termination "Sanan_Sjugirov won by resignation"]

1. d4 Nf6 2. c4 e6 3. Nf3 d5 4. Nc3 Bb4 5. cxd5 exd5 6. Bg5 h6 7. Bh4 O-O 8. e3 Bf5 9. Be2 Nbd7 10. Qb3 Bxc3+ 11. bxc3 c5 12. dxc5 Nxc5 13. Qb4 Rc8 14. O-O g5 15. Bg3 Nfe4 16. Be5 Re8 17. Bd4 b6 18. Rfd1 Qe7 19. Rac1 Be6 20. Nd2 Red8 21. Nxe4 dxe4 22. c4 Bf5 23. Qc3 Qe6 24. h3 Nd3 25. Bxd3 exd3 26. f3 Bg6 27. e4 f5 28. Qxd3 fxe4 29. Qe3 Re8 30. Bb2 exf3 31. Qc3 Qe3+ 32. Qxe3 Rxe3 33. Rd7 Bf7 34. gxf3 Rxf3 35. Kg2 Rf5 36.
Rxa7 Rxc4 37. Rxc4 Bxc4 38. a4 h5 39. Bd4 Bd5+ 40. Kg1 Rf3 41. Rg7+ Kf8 42. Rxg5 Bb3 43. h4 Bxa4 44. Rxh5 b5 45. Rg5 Rf4 46. Bc5+ Kf7 47. h5 Bc2 48. h6 Bg6 49. Bd6 Rd4 50. Be5 Rd5 51. Kf2 b4 52. Ke3 b3 53. Kf4 Rd2 54. h7 Rh2 55. h8=Q 1-0

[Event "Early-Titled-Tuesday-Blitz-October-24-2023"]
[Site "Chess.com"]
[Date "2023.10.24"]
[Round "7"]
[White "Buzhizhebuguai"]
[Black "Cambek64"]
[Result "1/2-1/2"]
[WhiteElo "2614"]
[BlackElo "2452"]
[TimeControl "180+1"]
[EndTime "9:16:00 PDT"]
[Termination "Game drawn by agreement"]

1. Nf3 b5 2. Na3 a6 3. c4 c6 4.
g3 Bb7 5. Bg2 b4 6. Nc2 c5 7. b3 d6 8. Bb2 e5 9. O-O Nf6 10. e3 Be7 11. d4 exd4 12. exd4 Nbd7 13.
Re1 O-O 14. Qd2 a5 15. a4 Re8 16. d5 Bf8 17. Ne3 Ne4 18. Qc2 Ndf6 19. g4 h6 20. Nf5 Bc8 21. h3 Bxf5 22. gxf5 Ng5 23. Nh2 Ngh7 24. Ng4 Nxg4 25. hxg4 Be7 26. Re2 Bf6 27.
Rae1 Qd7 28. f4 Rxe2 29. Rxe2 Bxb2 30. Qxb2 Re8 31. Bf3 Rxe2 32. Qxe2 Kf8 33. Kf2 Qd8 34. Kg3 Qf6 35. Qd3 Qa1 36. Qe3 Nf6 37. g5 hxg5 38. fxg5 Nd7 39. Qf4 Ne5 40. f6 Qe1+ 41. Kg2 g6 42.
Bg4 Qc3 43. Bd1 Qd3 44. Qf1 Qxf1+ 45. Kxf1 Ke8 46. Kf2 Nd7 47. Ke3 Ne5 48. Be2 Kf8 49. Kf4 Ke8 50. Ke4 Kf8 51. Bf1 Ke8 52. Bh3 Kf8 53.
Bc8 Kg8 1/2-1/2

[Event "Early-Titled-Tuesday-Blitz-October-24-2023"]
[Site "Chess.com"]
[Date "2023.10.24"]
[Round "7"]
[White "AvitalBor"]
[Black "nihalsarin"]
[Result "1/2-1/2"]
[WhiteElo "2858"]
[BlackElo "3118"]
[TimeControl "180+1"]
[EndTime "9:16:03 PDT"]
[Termination "Game drawn - insufficient material"]

1. e4 a6 2. d4 e6 3. Bd3 d5 4.
e5 c5 5. c3 Bd7 6. Ne2 Bb5 7.
O-O Nc6 8. Bxb5 axb5 9. Na3 b4 10. cxb4 cxb4 11. Nb5 Ra5 12. Qd3 Qb6 13. a4 bxa3 14. Nxa3 Bxa3 15. Rxa3 Rxa3 16. Qxa3 Nge7 17. Bg5 Ng6 18.
Ra1 Qa6 19. Qxa6 bxa6 20. Rxa6 Kd7 21. Bd2 Rb8 22. Bc3 Nge7 23. g4 h5 24. h3 hxg4 25. hxg4 Kc7 26. Kg2 Ng6 27. Kg3 Kb7 28. Ra1 Na7 29.
Bb4 Nb5 30. Bc5 Nf8 31. Nc3 Nxc3 32. bxc3 Nd7 33. Ra7+ Kc8 34. Bd6 Rb3 35. Bb4 Rb1 36. Ra8+ Kc7 37. Rg8 Rg1+ 38. Kf3 f6 39. Rxg7 fxe5 40.
dxe5 Kc6 41. Kf4 Re1 42. f3 Nxe5 43. g5 Nd3+ 44. Kg4 Rg1+ 45. Kh5 Nf4+ 46. Kh4 e5 47. Rg8 Kb5 48. Rc8 Ne6 49. Be7 Nf4 50. Bf6 e4 51.
fxe4 dxe4 52. Re8 e3 53. Be5 Nd3 54. Bd4 Rh1+ 55. Kg4 Rg1+ 56. Kf3 Rxg5 57. Kxe3 Nb2 58. Re5+ Rxe5+ 59. Bxe5 Nc4+ 60. Kd4 Nxe5 61. Kxe5 Kc4 62. Ke4 Kxc3 1/2-1/2

[Event "Early-Titled-Tuesday-Blitz-October-24-2023"]
[Site "Chess.com"]
[Date "2023.10.24"]
[Round "7"]
[White "karinachess1"]
[Black "hansen"]
[Result "0-1"]
[WhiteElo "2632"]
[BlackElo "2935"]
[TimeControl "180+1"]
[EndTime "9:16:03 PDT"]
[Termination "hansen won by resignation"]

1. d4 Nf6 2. c4 e6 3. Nc3 Bb4 4. a3 Bxc3+ 5. bxc3 O-O 6. e3 d6 7. Bd3 e5 8. Ne2 e4 9. Bc2 Bg4 10. h3 Bxe2 11. Qxe2 Re8 12. O-O Qe7 13. f3 c5 14.
Bd2 Nbd7 15. Rae1 Qe6 16. d5 exf3 17. Qxf3 Qe7 18. Qf5 g6 19. Qf3 Nh5 20. g4 Ne5 21. Qf2 Ng7 22. e4 f6 23. Bh6 Rf8 24. Qe2 Rf7 25. Rf2 Re8 26. Ref1 a6 27. Kg2 Qd8 28. Ba4 Ref8 29. h4 Qe7 30. Kg3 Nxc4 31. Qxc4 b5 32. Bxb5 axb5 33. Qe2 Qe5+ 34. Bf4 Qe7 35. Kg2 Re8 36.
Re1 Qd7 37. Qf3 h5 38. gxh5 Nxh5 39. Bh2 Kh7 40. Rfe2 Ree7 41. Re3 Re8 42. R3e2 Ref8 43. Re3 Ra8 44. c4 bxc4 45. Rc3 Rb8 46. Rxc4 Rb2+ 47. Re2 Rxe2+ 48. Qxe2 Re7 49. Rc2 f5 50. Rc4 Kg7 51.
a4 Kh7 52. e5 dxe5 53. Rxc5 f4 54. Qe4 Nf6 55. Qe2 Qf5 56. Rc6 Nxd5 57. h5 Ne3+ 58.
Kh1 Qe4+ 59. Kg1 Qxc6 60. hxg6+ Qxg6+ 61. Kh1 Qe4+ 62. Kg1 Rg7+ 0-1

[Event "Early-Titled-Tuesday-Blitz-October-24-2023"]
[Site "Chess.com"]
[Date "2023.10.24"]
[Round "7"]
[White "HajiyevKanan"]
[Black "djano"]
[Result "0-1"]
[WhiteElo "2562"]
[BlackElo "2674"]
[TimeControl "180+1"]
[EndTime "9:16:03 PDT"]
[Termination "djano won by resignation"]

1. d4 d5 2. Nf3 c5 3. c4 e6 4. cxd5 exd5 5. Nc3 Nc6 6. g3 Nf6 7. Bg2 Be7 8. O-O c4 9. Ne5 O-O 10. Nxc6 bxc6 11. b3 cxb3 12. Qxb3 Re8 13. e3 Qa5 14.
Bd2 Ba6 15. Rfc1 Bc4 16. Qc2 Qa3 17. Nb1 Qa6 18. Bf1 Bxf1 19. Rxf1 Ne4 20. Nc3 Ng5 21. h4 Ne6 22. Rfc1 Rac8 23. Qa4 Qd3 24. Qc2 Qa6 25.
Qa4 Qb7 26. Rab1 Qd7 27. Qa6 Rc7 28. Ne2 c5 29. dxc5 Nxc5 30. Qb5 Qc8 31. Nd4 Kf8 32. Ba5 Rb7 33. Qxb7 Qxb7 34. Rxb7 Nxb7 35. Bd2 Bd6 36. Nb5 Bb8 37. Bb4+ Kg8 38. Rc6 a6 39. Nd6 Bxd6 40. Bxd6 a5 41. a4 f6 42. Rb6 Nd8 43. Rb8 Kf7 44. Bc7 Nc6 45. Rxe8 Kxe8 46. Bb6 Kd7 47. Kf1 Kc8 48. Ke2 Kb7 49. Bc5 Nd8 50. Kd3 Kc6 51. Bf8 Ne6 52. Ba3 h5 53. f4 g6 54. Bb2 f5 55. Bd4 Nc7 56. Bc3 Kb6 57. Bd4+ Kc6 58. Bc3 Na6 59. Bxa5 Nc5+ 60. Kd4 Nb3+ 61. Ke5 Nxa5 62. Kf6 Nc4 63. Kxg6 Nxe3 64.
Kxh5 d4 65. g4 Nxg4 66. Kg5 d3 67. Kxf5 Ne3+ 68. Ke4 d2 69. Kxe3 d1=Q 0-1

[Event "Early-Titled-Tuesday-Blitz-October-24-2023"]
[Site "Chess.com"]
[Date "2023.10.24"]
[Round "7"]
[White "Arimin1329"]
[Black "Iskusnyh"]
[Result "0-1"]
[WhiteElo "2315"]
[BlackElo "2584"]
[TimeControl "180+1"]
[EndTime "9:16:04 PDT"]
[Termination "Iskusnyh won by resignation"]

1. d4 d5 2. Nf3 Nf6 3. g3 Bf5 4. c4 c6 5. Qb3 Qb6 6. c5 Qxb3 7. axb3 Nbd7 8. Nc3 a6 9. Bg2 h6 10. O-O g5 11. h4 g4 12. Ne1 Bg7 13. Bf4 Nh5 14.
e3 Nxf4 15. gxf4 h5 16. b4 Rd8 17. f3 g3 18. Ne2 Bf6 19. Nxg3 Bh7 20. Bh3 Bxh4 21. Kh2 Nf6 22. Rg1 e6 23. Ne2 Bxe1 24. Raxe1 Ke7 25. Rg7 Bg6 26. f5 Kf8 27. Rxg6 fxg6 28.
fxg6 Ng4+ 29. Bxg4 hxg4+ 30. Kg3 gxf3 31. Nf4 Ke7 32.
Kxf3 Rh2 33. Rg1 Rg8 34. b3 Rb2 35. Nd3 Rxb3 36. Ke2 Kf6 37. Ne5 Rb2+ 38. Kf3 Rxb4 39. Rh1 Rg7 40. Rh8 Rxg6 41. Rf8+ Kg7 42. Nxg6 Kxg6 43.
Kf4 Rb3 44. e4 Rb4 45. Ke5 dxe4 46. Kxe4 Kg7 47. Rf4 a5 48. Ke5 a4 49. Kxe6 a3 50. Rf3 Ra4 51. Rf7+ Kg6 52. Rf1 Rxd4 53. Rg1+ Kh5 54. Ra1 Rd3 55. Rb1 Kg4 56. Rxb7 a2 57.
Ra7 Rd2 58. Ke5 Kf3 59. Ra3+ Ke2 60. Ke4 Kd1 61. Ke3 Rb2 62. Kd3 Kc1 63. Kc3 Kb1 64. Ra6 a1=Q 65. Rxa1+ Kxa1 66. Kc4 Rb5 67. Kd4 Ka2 68.
Kc4 Ka3 69. Kd4 Kb3 70. Ke5 Rxc5+ 71. Kd6 Rc1 72. Kc7 c5 0-1

[Event "Early-Titled-Tuesday-Blitz-October-24-2023"]
[Site "Chess.com"]
[Date "2023.10.24"]
[Round "7"]
[White "xxysoul6"]
[Black "NMJeevanK"]
[Result "1-0"]
[WhiteElo "2993"]
[BlackElo "2603"]
[TimeControl "180+1"]
[EndTime "9:16:07 PDT"]
[Termination "xxysoul6 won by resignation"]

1. d4 g6 2. e4 d6 3. Nc3 Bg7 4.
Be3 a6 5. a4 Nf6 6. f3 O-O 7.
Qd2 Nbd7 8. Nh3 c5 9. Nf2 Qa5 10. Ra3 cxd4 11. Bxd4 Nc5 12. Be2 Ne6 13. Be3 Rd8 14. Nd5 Qxd2+ 15. Kxd2 Nxd5 16. exd5 Nc7 17. Bb6 Rd7 18. Bc4 Bxb2 19. Re3 Bf6 20. Ne4 Bg7 21. f4 e6 22. dxe6 Nxe6 23. Bb3 d5 24. Ng5 Rd6 25.
Ba5 h6 26. Nf3 Bd7 27. g3 Bc6 28. Bb4 d4 29. Rxe6 Rxe6 30. Bxe6 fxe6 31. Rf1 Bxa4 32.
Ne5 Bxe5 33. fxe5 Rc8 34. Rf6 Bxc2 35. Rxe6 Bf5 36. Rf6 Rc2+ 37. Kd1 Rc6 38. Bd6 h5 39.
h3 d3 40. g4 hxg4 41. hxg4 Bxg4+ 42. Kd2 Bf5 43. Rf8+ Kg7 44. Rb8 Rc2+ 45. Ke3 Re2+ 46.
Kf3 Rb2 47. e6 Rb3 48. Be5+ Kh6 49. e7 d2+ 50. Ke2 Bg4+ 51. Kxd2 Bd7 52. Bf6 Kh5 53. Rd8 Bb5 54. Rd5+ Kg4 55. Rxb5 Rxb5 56. e8=Q Rf5 57.
Qxg6+ Kf4 58. Bd4 Ke4 59. Qe6+ Kf4 60. Be3+ Kg4 61. Qg6+ 1-0

[Event "Early-Titled-Tuesday-Blitz-October-24-2023"]
[Site "Chess.com"]
[Date "2023.10.24"]
[Round "7"]
[White "DefiantChair"]
[Black "Cayse"]
[Result "0-1"]
[WhiteElo "2672"]
[BlackElo "2884"]
[TimeControl "180+1"]
[EndTime "9:16:10 PDT"]
[Termination "Cayse won by checkmate"]

1. e4 e5 2. Nf3 Nc6 3. Bb5 a6 4. Ba4 Nf6 5. O-O Be7 6. Re1 b5 7. Bb3 O-O 8. c3 d5 9. exd5 Nxd5 10. Nxe5 Nxe5 11. Rxe5 c6 12. d3 Bd6 13. Re1 Bf5 14.
Nd2 Bxd3 15. Ne4 Bxh2+ 16. Kxh2 Qh4+ 17. Kg1 Bxe4 18. Qd4 Rae8 19. Bxd5 cxd5 20. Re3 f5 21. Rg3 Qf6 22. Bf4 h6 23. Rd1 g5 24. f3 Qxd4+ 25. Rxd4 Bb1 26. Rxd5 Bxa2 27. Rd7 Be6 28. Ra7 Ra8 29.
Rb7 Bc8 30. Rc7 Rf7 31. Rc6 Kh7 32. Bxg5 hxg5 33. Rxg5 Bd7 34. Rd6 Rg8 35. Rh5+ Kg7 36. Rxa6 Re8 37. Rg5+ Kf8 38. Kf2 Re6 39. Ra8+ Ke7 40.
Rgg8 Rd6 41. Ke3 f4+ 42. Ke2 Kf6 43. Rh8 Re7+ 44. Kf2 Rd2+ 45. Kg1 Rxb2 46. Rab8 Bf5 47.
Kh2 Rb1 48. Rhf8+ Kg7 49. Rg8+ Kf6 50. Rbf8+ Ke6 51. Rh8 Rf7 52. Rh6+ Ke7 53. Rb8 Bd7 54. Rb7 Kd8 55. Rh8+ Ke7 56. Rh6 Rg7 57. Rh4 Rb2 58.
Rxf4 Rbxg2+ 59. Kh1 Rg1+ 60. Kh2 R7g2# 0-1

[Event "Early-Titled-Tuesday-Blitz-October-24-2023"]
[Site "Chess.com"]
[Date "2023.10.24"]
[Round "7"]
[White "milovichalex"]
[Black "dennisodessa"]
[Result "1-0"]
[WhiteElo "2326"]
[BlackElo "2538"]
[TimeControl "180+1"]
[EndTime "9:16:11 PDT"]
[Termination "milovichalex won by resignation"]

1. e4 e6 2. Nf3 d5 3. e5 c5 4. b4 c4 5. a3 a5 6. b5 Nd7 7. d3 cxd3 8. cxd3 Nc5 9. d4 Ne4 10.
Nbd2 Nh6 11. Nxe4 dxe4 12. Bg5 Qd5 13. Nd2 Qxd4 14. Nc4 Bc5 15. Qxd4 Bxd4 16. O-O-O Bd7 17. Rxd4 Nf5 18. Nd6+ Nxd6 19. Rxd6 Rc8+ 20. Kb2 Rc5 21. Be2 Rxe5 22. Bf4 Rf5 23. Be3 Bxb5 24. Rhd1 O-O 25. Bg4 Re5 26. Rd8 h5 27. Rxf8+ Kxf8 28. Bh3 Bd3 29. Rc1 Rb5+ 30. Ka1 g5 31. g3 Kg7 32. Bf1 Rb3 33. Ka2 a4 34. Bxd3 exd3 35. Rd1 Kg6 36.
Rd2 f5 37. Rb2 Rc3 38. Rxb7 e5 39. Rb2 f4 40. gxf4 gxf4 41. Bd2 Rc4 42. Kb1 Kf5 43.
Rb4 Rc2 44. Rb2 Rc4 45. Rb4 Rc2 46. Rb2 Rc6 47. Bb4 e4 48. Bd2 Kg4 49. Rb5 Rc2 50. Rb2 Rxb2+ 51. Kxb2 e3 52. fxe3 fxe3 53. Bxe3 Kf3 54.
Bd2 Kg2 55. Bf4 Kf3 56. Bd2 Kg2 57. Bf4 Kf3 58. Bg5 Kg4 59. h4 1-0

[Event "Early-Titled-Tuesday-Blitz-October-24-2023"]
[Site "Chess.com"]
[Date "2023.10.24"]
[Round "7"]
[White "marik_spb"]
[Black "Estrategia_vs_Tactica"]
[Result "0-1"]
[WhiteElo "2402"]
[BlackElo "2277"]
[TimeControl "180+1"]
[EndTime "9:16:11 PDT"]
[Termination "Estrategia_vs_Tactica won by resignation"]

1. e4 d6 2. d4 g6 3. c4 Bg7 4.
Be3 Nf6 5. f3 O-O 6. Nc3 a6 7.
Bd3 c5 8. Nge2 Qa5 9. O-O Nc6 10. dxc5 dxc5 11. Qa4 Qb6 12. Rab1 Rd8 13. Nd5 Nxd5 14. cxd5 Nd4 15. Kh1 Bd7 16. Qa3 Bb5 17. Nxd4 cxd4 18.
Bf2 e6 19. dxe6 fxe6 20. Bxb5 Qxb5 21. Rfd1 Rac8 22. Qe7 Qd7 23. Qxd7 Rxd7 24. Rbc1 Rxc1 25. Rxc1 d3 26. b3 Bh6 27. Rd1 d2 28. Kg1 Rc7 29. Kf1 Rc2 30. a4 Rb2 31. Ke2 Rxb3 32. g3 Rb4 33. a5 Ra4 34. Bb6 Kf7 35. f4 Rxe4+ 36. Kxd2 Bf8 37. Rc1 Bd6 38. Rc8 Ra4 39. Kd3 h5 40. Rd8 Ke7 41. Rg8 Kf7 42. Rd8 Bb4 43. Rd7+ Kf6 44. h3 e5 45. fxe5+ Kxe5 46. Rxb7 Bxa5 47. Bxa5 Rxa5 48. Re7+ Kf6 49. Rb7 Ra3+ 50.
Ke4 Rxg3 51. Kf4 Rxh3 52. Rb6+ Kg7 53. Rxa6 Rb3 54. Kg5 Rb5+ 55. Kh4 Kh6 56. Rc6 Rb4+ 57. Kg3 Rb5 58. Ra6 Kg5 59. Rc6 Rb3+ 60. Kg2 Rb4 61. Rc4 Rxc4 0-1